 Dungeon Crawl Stone Soup version 0.23.2-33-g5129a83184 (webtiles) character file.

Game seed: 12109471209833468247

57 DildoBatman the Conjurer (level 4, -4/30 HPs)
             Began as a Formicid Wizard on Aug 12, 2019.
             Was a Believer of Cheibriados.
             Slain by a river rat (8 damage)
             ... on level 3 of the Dungeon.
             The game lasted 00:05:28 (1663 turns).

DildoBatman the Conjurer (Formicid Wizard)          Turns: 1663, Time: 00:05:29

Health: -4/30      AC:  3    Str: 15    XL:     4   Next: 18%
Magic:  0/8        EV: 17    Int: 23    God:    Cheibriados [**....]
Gold:   58         SH:  0    Dex: 18    Spells: 2/9 levels left

rFire    + + .     SeeInvis +   b - +0 mace
rCold    + + +     Gourm    .   (no shield)
rNeg     . . .     Faith    .   n - +0 robe
rPois    +         Spirit   .   (helmet unavailable)
rElec    +         Reflect  .   e - scarf {rC+ rF+}
rCorr    +         Harm     .   t - +0 pair of gloves
MR       .....                  (no boots)
Stlth    +++.......             (no amulet)
HPRegen  0.10/turn              f - ring of protection from cold
MPRegen  0.11/turn              (no ring)

@: agile, resistant, very slow
A: permanent stasis, dig shafts and tunnels, four strong arms, antennae 3
a: Dig, Shaft Self, Bend Time, Renounce Religion


You were on level 3 of the Dungeon.
You worshipped Cheibriados.
Cheibriados was pleased with you.
You were not hungry.

You visited 1 branch of the dungeon, and saw 3 of its levels.

You collected 58 gold pieces.

Inventory:

Hand Weapons
 a - a +0 hunting sling
 b - a +0 mace (weapon)
Missiles
 c - 11 arrows
 g - 15 stones (quivered)
Armour
 e - a scarf of resistance (worn)
 n - a +0 robe (worn)
 t - a +0 pair of gloves (worn)
Jewellery
 f - a ring of protection from cold (left hand)
Scrolls
 h - 2 scrolls of fear
 j - a scroll of random uselessness {unknown}
 k - a scroll of teleportation {unknown}
 m - a scroll of enchant armour {unknown}
 o - a scroll of fog
 q - a scroll of magic mapping
Potions
 d - a potion of berserk rage {unknown}
 i - a potion of cancellation {unknown}
 l - a potion of curing {unknown}
 p - a potion of resistance
 s - a potion of agility
Comestibles
 r - 5 chunks of flesh
 v - 4 rations


   Skills:
 - Level 1.7 Dodging
 - Level 2.4 Stealth
 - Level 3.2 Spellcasting
 * Level 3.3 Conjurations
   Level 1.0 Summonings
   Level 0.8 Translocations


You had 2 spell levels left.
You knew the following spells:

 Your Spells              Type           Power        Failure   Level  Hunger
a - Conjure Flame         Conj/Fire      ##......     17%         3    ###....
c - Magic Dart            Conj           ###.         2%          1    None
e - Mephitic Cloud        Conj/Pois/Air  #.......     22%         3    ###....

Your spell library contained the following spells:

 Spells                   Type           Power        Failure   Level  Hunger
 Call Imp                 Summ           #.......     12%         2    ##.....
 Slow                     Hex            #.......     17%         2    ##.....
 Blink                    Tloc           Unusable     N/A         2    N/A

Dungeon Overview and Level Annotations

Branches:
Dungeon (3/15)

Altars:
Cheibriados
Dithmenos

Portals:
Sewer: D:3


Innate Abilities, Weirdness & Mutations

You cannot be hasted, slowed, berserked, paralysed or teleported.
You can dig through walls and to a lower floor.
Your four strong arms can wield two-handed weapons with a shield.
You have a pair of large antennae on your head. (SInv)


Message History

The river rat bites you!
You closely miss the river rat.
The river rat is severely wounded.
The river rat bites you! The river rat barely misses you.
Casting: Magic Dart (safe; 2% risk of failure)
Confirm with . or Enter, or press ? or * to list all spells.
Aiming: Magic Dart (safe; 2% risk of failure)
Press: ? - help, Shift-Dir - straight line, f/p - river rat
Aim: a river rat (severely wounded)
The magic dart hits the river rat but does no damage.
The river rat is severely wounded.
The river rat closely misses you.
It was a potion of resistance.
You feel protected. The river rat misses you.
It was a potion of agility.
You feel agile all of a sudden. The river rat bites you!
You die...

#.###.######....<#
#................#
#................#
#................#
#................#
##...............#
#...............#
######...)......######
.....÷..........@r.(######
..<###############.......#
#### #.......# #
#..w....## # #.÷......# #
##........# #
#........!..# #
#..........(.....> ##
#...((≈≈....######


You could see a worm and a river rat.

Vanquished Creatures
  An adder (D:2)
  2 worms
  2 orcs
  A ball python (D:3)
  5 giant cockroaches
  3 hobgoblins
  7 bats
  4 frilled lizards
  6 goblins
  A kobold (D:1)
  9 rats
41 creatures vanquished.

Notes
Turn   | Place    | Note
-------+----------+-------------------------------------------
     0 | D:1      | DildoBatman the Formicid Wizard began the quest for the
                  | Orb.
     0 | D:1      | Reached XP level 1. HP: 13/13 MP: 4/4
    49 | D:1      | Reached skill level 1 in Conjurations
   278 | D:1      | Reached XP level 2. HP: 19/19 MP: 1/6
  1037 | D:2      | Reached XP level 3. HP: 24/24 MP: 5/7
  1045 | D:2      | Learned a level 3 spell: Conjure Flame
  1049 | D:2      | Learned a level 3 spell: Mephitic Cloud
  1050 | D:2      | Found a faded altar of an unknown god.
  1059 | D:2      | Became a worshipper of Cheibriados the Contemplative
  1059 | D:2      | Reached * piety under Cheibriados
  1246 | D:2      | Found a shadowy altar of Dithmenos.
  1558 | D:3      | Reached XP level 4. HP: 30/30 MP: 4/8
  1605 | D:3      | Reached ** piety under Cheibriados
  1626 | D:3      | Found a glowing drain.
  1663 | D:3      | Slain by a river rat

Skill      XL: |  1  2  3 |
---------------+----------+-----
Conjurations   | 1 2 3 |  3.3
Dodging        | |  1.7
Stealth        | |  2.4
Spellcasting   | |  3.2
Summonings     | |  1.0
Translocations | |  0.8

Action                   |  1- 3 |  4- 6 || total
-------------------------+-------+-------++-------
Melee: Club              |     8 |       ||     8
       Mace              |       |     2 ||     2
 Fire: Hunting sling     |    16 |    13 ||    29
 Cast: Magic Dart        |    69 |    16 ||    85
  Use: Scroll            |     3 |       ||     3
       Potion            |       |     2 ||     2
 Stab: Sleeping          |     1 |       ||     1
  Eat: Chunk             |     1 |       ||     1
Armor: Robe              |    11 |     7 ||    18
Dodge: Dodged            |    11 |    13 ||    24
